[Event "Early-Titled-Tuesday-Blitz-September-26-2023"]
[Site "Chess.com"]
[Date "2023.09.26"]
[Round "7"]
[White "Alexander_Donchenko"]
[Black "bazar-wokzal"]
[Result "1-0"]
[WhiteElo "2810"]
[BlackElo "2667"]
[TimeControl "180+1"]
[EndTime "9:20:07 PDT"]
[Termination "Alexander_Donchenko won on time"]

1. e4 Nc6 2. Nf3 d5 3. exd5 Qxd5 4. Nc3 Qa5 5. h3 Nf6 6. Bb5 Bd7 7. O-O a6 8. Bc4 e6 9. d4 Bd6 10. Qe2 O-O 11.
Bd2 Qh5 12. Rfe1 Rfe8 13. Rad1 Rad8 14. Bg5 Be7 15. a3 h6 16. Bc1 b5 17. Bd3 b4 18.
axb4 Nxb4 19. Bxa6 Nxa6 20. Qxa6 Bb4 21. Ne5 Bxc3 22.
bxc3 c5 23. Qe2 Qxe2 24. Rxe2 Nd5 25. Bd2 Ba4 26. Rc1 Rc8 27. c4 Nf6 28. c3 Red8 29. Be3 Nd7 30. Nf3 Bb3 31. Nd2 Ba4 32. Ra1 Bc6 33.
Ree1 Ra8 34. f3 Rxa1 35. Rxa1 Ra8 36. Rxa8+ Bxa8 37. Kf2 Kf8 38. Bf4 Ke7 39. Bc7 Bb7 40. Ke3 Ba6 41. Kd3 f6 42. Nb3 e5 43. dxc5 Bb7 44.
Na5 Nxc5+ 45. Ke3 Ba8 46. Bb8 Na4 47. Kd2 Kd7 48. Ba7 Kc7 49. Kc2 g5 50. c5 e4 51.
Kb3 exf3 52. gxf3 Bxf3 53. Kxa4 Bg2 54. Bb6+ Kd7 55. c6+ Kd6 56. Bd8 Bxh3 57. Bxf6 Bc8 58. Kb5 g4 59. Bh4 h5 60. Kb6 Ke5 61. c7 Kf4 62. Nc6 g3 63. Ne7 Bd7 64. Ng6+ 1-0

[Event "Early-Titled-Tuesday-Blitz-September-26-2023"]
[Site "Chess.com"]
[Date "2023.09.26"]
[Round "7"]
[White "jk13"]
[Black "Evgeny81"]
[Result "1/2-1/2"]
[WhiteElo "2622"]
[BlackElo "2743"]
[TimeControl "180+1"]
[EndTime "9:20:07 PDT"]
[Termination "Game drawn by repetition"]

1. e4 e6 2. d4 d5 3. Nd2 Nd7 4. c3 Ne7 5. Ngf3 c5 6. exd5 Nxd5 7. Bc4 N7b6 8. Bb3 Be7 9. O-O O-O 10. Ne4 cxd4 11.
cxd4 Bd7 12. Ne5 Bc6 13. Re1 Rc8 14. a3 Qe8 15. Bc2 Nd7 16. Nxc6 bxc6 17. Qd3 N7f6 18. Ng5 g6 19. Qh3 Qd7 20. Nf3 Rfd8 21. Ne5 Qe8 22. Bg5 Nd7 23. Bh6 Bf8 24. Bg5 Be7 25. Bd2 Bf6 26.
Rad1 Bg7 27. Bg5 Bf6 28. Bh6 Qe7 29. Ba4 Nxe5 30. dxe5 Bg5 31. Bxg5 Qxg5 32. Qf3 a5 33. g3 h5 34. h4 Qe7 35. Rc1 c5 36. Rc2 Nb6 37. Bb5 Rd5 38. Bc4 Rd4 39. Bf1 Rcd8 40.
Rec1 R8d5 41. Qe2 c4 42. Qe3 Qc7 43. b3 Qxe5 44. Qxe5 Rxe5 45. Bxc4 Nxc4 46. Rxc4 Rd3 47. R1c3 Red5 48. Rxd3 Rxd3 49. Ra4 Rxb3 50. Rxa5 Kg7 51. Kg2 Kf6 52. Ra8 e5 53. a4 Ra3 54. a5 Ke6 55.
a6 Kf5 56. Ra7 f6 57. Ra8 Ra2 58. Kf1 Ra3 59. Ke2 Ra2+ 60. Kf1 Ra1+ 61. Kg2 Ra2 62.
Kf1 1/2-1/2

[Event "Early-Titled-Tuesday-Blitz-September-26-2023"]
[Site "Chess.com"]
[Date "2023.09.26"]
[Round "7"]
[White "attack2mateU"]
[Black "Martial2008"]
[Result "1-0"]
[WhiteElo "2745"]
[BlackElo "2609"]
[TimeControl "180+1"]
[EndTime "9:20:08 PDT"]
[Termination "attack2mateU won by checkmate"]

1. e4 e5 2. Nf3 Nc6 3. Bc4 Nf6 4.
d3 h6 5. c3 d6 6. a4 g6 7. a5 a6 8. Qb3 Qe7 9. O-O Bg7 10.
Nbd2 O-O 11. Re1 Nd7 12. Nf1 Kh7 13. Ne3 Nc5 14. Qc2 f5 15. exf5 gxf5 16. d4 Ne4 17.
Bd3 d5 18. Nxd5 Qf7 19. Ne3 exd4 20. Nxf5 Bxf5 21. Bxe4 dxc3 22. bxc3 Bxe4 23. Qxe4+ Qf5 24. Qh4 Rae8 25. Be3 Qg6 26. Nd4 Ne5 27. Qg3 c5 28. Qxg6+ Kxg6 29. Nb3 c4 30. Nc5 Nd3 31. Nxd3 cxd3 32.
Red1 Bxc3 33. Ra3 Bb4 34. Ra4 Be7 35. Rxd3 Rf5 36. g3 Bg5 37. f4 Bd8 38. Kg2 Bxa5 39. g4 Rb5 40. f5+ Kf7 41. Bxh6 Bc7 42. Rd7+ Re7 43. Rxe7+ Kxe7 44. Bg5+ Kf7 45. Rd4 Rb2+ 46. Kf3 Bxh2 47. Rd7+ Ke8 48. Re7+ Kf8 49. f6 Rb3+ 50. Ke4 Kg8 51. Kf5 Bd6 52. Rd7 Bf8 53. Kg6 Rb6 54.
Rd8 Rd6 55. Rc8 Rc6 56. Rb8 b5 57. Bh6 Rxf6+ 58. Kxf6 Kh7 59. Bxf8 a5 60. g5 a4 61.
g6+ Kh8 62. Bh6# 1-0

[Event "Early-Titled-Tuesday-Blitz-September-26-2023"]
[Site "Chess.com"]
[Date "2023.09.26"]
[Round "7"]
[White "pinguino120"]
[Black "FlemingA"]
[Result "1-0"]
[WhiteElo "2234"]
[BlackElo "2425"]
[TimeControl "180+1"]
[EndTime "9:20:08 PDT"]
[Termination "pinguino120 won by resignation"]

1. e4 b6 2. d4 Bb7 3. Bd3 e6 4. Nf3 c5 5. c3 d5 6. e5 Be7 7. O-O Nc6 8. a3 g5 9. b4 g4 10. b5 gxf3 11. bxc6 fxg2 12. Kxg2 Bxc6 13. Qh5 Qd7 14.
Nd2 O-O-O 15. Nf3 f5 16. a4 Bxa4 17. dxc5 Bxc5 18. Nd4 Ne7 19. Nxe6 Rdg8+ 20. Kh1 d4 21. cxd4 Bc6+ 22. f3 Bxd4 23. Rxa7 Qxe6 24. Ba6+ Kb8 25. Rxe7 Qxe7 26. Bf4 Qe6 27. Rd1 Bc5 28. Rc1 Rg6 29.
Bc4 Qe7 30. Ra1 Bxf3+ 31. Qxf3 Qb7 32. e6+ Kc8 33. Qxb7+ Kxb7 34. e7 Bxe7 35. Bd5+ Kc8 36. Ra8+ Kd7 37. Rxh8 Bd6 38. Rxh7+ Be7 39. Rf7 Rd6 40. Bf3 Rd3 41. Be2 Ra3 42. Rxf5 Ra1+ 43. Kg2 Ra2 44. Kf2 Bc5+ 45. Ke1 Bb4+ 46. Kf2 Bc5+ 47.
Be3 Ke6 48. Rf3 Bxe3+ 49. Rxe3+ Kd6 50. h4 b5 51. h5 b4 52. h6 Ra7 53. Rh3 Rh7 54.
Bd3 Rh8 55. h7 Kc5 56. Rg3 Kd4 57. Bb1 Rf8+ 58. Ke2 Re8+ 59. Kd2 Rf8 60. Rg8 Rf2+ 61. Ke1 Rb2 62. h8=Q+ Kc4 63. Qxb2 1-0

[Event "Early-Titled-Tuesday-Blitz-September-26-2023"]
[Site "Chess.com"]
[Date "2023.09.26"]
[Round "7"]
[White "amylazy"]
[Black "sonicdravise"]
[Result "0-1"]
[WhiteElo "2450"]
[BlackElo "2654"]
[TimeControl "180+1"]
[EndTime "9:20:09 PDT"]
[Termination "sonicdravise won on time"]

1. d4 Nf6 2. Nf3 c5 3. d5 e6 4.
Nc3 exd5 5. Nxd5 Nxd5 6. Qxd5 Nc6 7. e4 d6 8. Ng5 Qf6 9. Bc4 Be6 10. Nxe6 fxe6 11. Qxe6+ Qxe6 12. Bxe6 Nd4 13. Bb3 c4 14. Ba4+ b5 15. Be3 bxa4 16. Bxd4 Be7 17. Bxg7 Rg8 18. Bd4 Rxg2 19. Ke2 Rg4 20. Kf3 Rh4 21. Rag1 Kd7 22. Rg7 Rf8+ 23. Ke3 Rhf4 24. Rf1 Rh4 25. Rd1 Rxh2 26.
Be5 Rh3+ 27. Ke2 Rh6 28. Bg3 Re6 29. e5 Kc6 30. f4 dxe5 31. fxe5 h5 32. Rh7 h4 33. Bh2 Rb8 34. b3 axb3 35. cxb3 cxb3 36. axb3 Rxb3 37. Rc1+ Kd5 38. Rd1+ Ke4 39. Rg7 Rb2+ 40.
Rd2 Rxd2+ 41. Kxd2 a5 42. Ke2 Kd5 43. Rg4 Ra6 44.
Ra4 Bb4 45. Kf3 Rg6 46. Bf4 h3 47. Ra2 Bc3 48. Rh2 a4 49. Rxh3 a3 50. Rh5 a2 0-1

[Event "Early-Titled-Tuesday-Blitz-September-26-2023"]
[Site "Chess.com"]
[Date "2023.09.26"]
[Round "7"]
[White "hsd2016"]
[Black "melissa_guez"]
[Result "1-0"]
[WhiteElo "2289"]
[BlackElo "2097"]
[TimeControl "180+1"]
[EndTime "9:20:10 PDT"]
[Termination "hsd2016 won by resignation"]

1. e4 c5 2. Nf3 e6 3. d4 cxd4 4.
Nxd4 Nc6 5. Nb5 a6 6. Nd6+ Bxd6 7. Qxd6 Qe7 8. Qxe7+ Ngxe7 9. c3 d5 10. exd5 Nxd5 11.
Bd3 O-O 12. Nd2 b5 13. Nf3 Bb7 14. O-O e5 15. Be4 Rad8 16. Rd1 Nde7 17. Be3 f5 18. Bc2 h6 19. Bc5 e4 20. Bb3+ Kh7 21. Nd4 Rf6 22. Ne6 Rxd1+ 23. Rxd1 Ng6 24. Rd7 Bc8 25. Rxg7+ Kh8 26.
Rc7 Bxe6 27. Rxc6 Nf4 28. Bd4 Ne2+ 29. Kf1 Nxd4 30. cxd4 Bc4+ 31. Rxc4 bxc4 32. Bxc4 Rb6 33. b3 Kg7 34. Ke2 Kf6 35. f3 exf3+ 36. Kxf3 a5 37.
Kf4 Rd6 38. d5 Rb6 39. Bd3 Rd6 40. Bc4 Rd8 41. g3 h5 42. a4 Rd6 43. h3 Rd8 44. g4 fxg4 45. hxg4 h4 46. g5+ Kg7 47. Kg4 Rh8 48. Bf1 Kg6 49. Bd3+ Kg7 50. Bf1 Rd8 51. Bg2 Rh8 52. Kf5 Rf8+ 53. Ke6 Kg6 54. d6 Kxg5 55. d7 Kg4 56. Ke7 Rh8 57. d8=Q Rxd8 58. Kxd8 h3 59. Bd5 Kf4 60. Kc7 Ke5 61. Bh1 Kd4 62. Kb6 Kc3 63. Kxa5 Kxb3 64. Kb5 1-0

[Event "Early-Titled-Tuesday-Blitz-September-26-2023"]
[Site "Chess.com"]
[Date "2023.09.26"]
[Round "7"]
[White "Makswolf200817"]
[Black "HajiyevKanan"]
[Result "0-1"]
[WhiteElo "2713"]
[BlackElo "2491"]
[TimeControl "180+1"]
[EndTime "9:20:11 PDT"]
[Termination "HajiyevKanan won on time"]

1. e4 c6 2. d4 d5 3. exd5 cxd5 4. Bd3 Nc6 5. c3 Qc7 6. Na3 a6 7. Nc2 Nf6 8. Nf3 Bg4 9. O-O e6 10. h3 Bh5 11. Re1 Bd6 12. Bg5 O-O 13. Ne3 Ne4 14. Bh4 f5 15. Be2 b5 16. Nd2 Bg6 17.
Nxe4 fxe4 18. Bg4 Rae8 19. a4 Na5 20. axb5 axb5 21. Qe2 Nc4 22. Nxc4 bxc4 23. Ra6 Bf5 24. Rea1 Rb8 25. Ra7 Rb7 26. R7a6 Rb6 27. R6a5 Rfb8 28.
Bxf5 exf5 29. Rxd5 Rxb2 30. Qd1 Qd7 31. Kh1 Qe6 32. Rda5 h6 33. Ra6 g5 34. Bg3 f4 35.
Bh2 Qd5 36. Qh5 Rb1+ 37. Rxb1 Rxb1+ 38. Bg1 Bf8 39. Qg6+ Kh8 40. Rf6 Qg8 41. Qxe4 Bg7 42. Rxh6+ Bxh6 43. Qxb1 g4 44. Qf5 gxh3 45. Qxh3 Qg6 46.
f3 Kh7 47. d5 Qd6 48. Qf5+ Kg7 49. Bd4+ Kg8 50. Qc8+ Bf8 51. Qg4+ Kf7 52. Qf5+ Ke8 53.
Be5 Qe7 54. d6 Qf7 0-1

[Event "Early-Titled-Tuesday-Blitz-September-26-2023"]
[Site "Chess.com"]
[Date "2023.09.26"]
[Round "7"]
[White "borocotoajua"]
[Black "Rozhkov_V"]
[Result "0-1"]
[WhiteElo "2575"]
[BlackElo "2430"]
[TimeControl "180+1"]
[EndTime "9:20:14 PDT"]
[Termination "Rozhkov_V won by resignation"]

1. d4 d5 2. Nf3 Nf6 3. c4 dxc4 4. e3 Bg4 5. h3 Bh5 6. Bxc4 e6 7. Nc3 Nc6 8. O-O Bd6 9. b3 O-O 10. Bb2 Qe7 11.
Be2 Rad8 12. Rc1 e5 13. dxe5 Nxe5 14. Nd4 Bxe2 15. Qxe2 c5 16. Nf5 Qe6 17. e4 Nc6 18. Nxd6 Rxd6 19. Nb5 Rd7 20. Bxf6 Qxf6 21. Rxc5 a6 22.
Nc3 Re8 23. Nd5 Qd4 24. Qc4 Rxe4 25. Qxd4 Rxd4 26. Re1 h6 27. Ne3 Rd2 28. a4 R7d3 29.
Nc4 Rc2 30. Re8+ Kh7 31. Rf5 Rxb3 32. Nd6 f6 33. h4 Nd4 34. Rd5 Ne2+ 35. Kh2 Rb4 36.
g3 Nc3 37. Rc5 Rxf2+ 38. Kh3 Rbb2 39. h5 Rh2+ 40. Kg4 Rb4+ 41. Kf5 Rf2+ 42. Ke6 Re2+ 43. Kf7 Rxe8 44. Nxe8 Ne4 45. Rc7 Ng5+ 46. Ke7 Re4+ 47. Kd6 Rxe8 48. Rxb7 Re6+ 49. Kc5 Ne4+ 50. Kd5 Re5+ 51.
Kd4 Nxg3 52. a5 Rxa5 53. Rb6 Nxh5 54. Rb7 Nf4 55. Rd7 Ne6+ 56. Kc4 Re5 57. Kb4 h5 58. Re7 h4 59. Rd7 h3 60. Rd2 Rh5 61. Rh2 g5 62.
Kc4 g4 63. Kd3 g3 64. Ke4 gxh2 0-1

[Event "Early-Titled-Tuesday-Blitz-September-26-2023"]
[Site "Chess.com"]
[Date "2023.09.26"]
[Round "7"]
[White "jraosam"]
[Black "LangesNasenhaar"]
[Result "1-0"]
[WhiteElo "2085"]
[BlackElo "2477"]
[TimeControl "180+1"]
[EndTime "9:20:17 PDT"]
[Termination "jraosam won on time"]

1. Nf3 g6 2. c4 Bg7 3. e3 d6 4. Be2 e5 5. O-O Nc6 6. d4 e4 7. Nfd2 f5 8. a3 Nf6 9. b4 d5 10. Bb2 O-O 11. Nc3 Ne7 12. cxd5 Nexd5 13. Bc4 Be6 14. Qb3 h5 15. Ndb1 c6 16. Nxd5 cxd5 17. Be2 g5 18. Nc3 f4 19. g3 Bh3 20. Rfc1 fxe3 21.
fxe3 Kh7 22. Qd1 Ng4 23. Bxg4 Bxg4 24. Qd2 Bh3 25. Re1 Rf5 26. Qe2 Bg4 27. Qd2 Qf6 28.
Rf1 Rf8 29. Qg2 Bf3 30. Qh3 Kg6 31. b5 g4 32. Qh4 Qxh4 33. gxh4 Bf6 34. a4 Bxh4 35.
Ba3 g3 36. hxg3 Bxg3 37. Bxf8 Rxf8 38. Nxd5 h4 39. Ra2 h3 40. Nf4+ Bxf4 41. exf4 Rxf4 42. Kh2 Kf5 43. Raf2 Kg4 44. Rg1+ Kf5 45. Rg3 Ke6 46.
Rxh3 Kd5 47. a5 Kxd4 48. a6 bxa6 49. bxa6 Ke3 50. Rb2 Rf6 51. Rb3+ Kf4 52. Ra3 Rb6 53. Rh4+ Kg5 54. Rh7 Rb2+ 55. Kg3 Rg2+ 56. Kh3 Rg1 57. Rg7+ Kf4 58. Rxg1 e3 59. Re1 e2 60. Kh2 1-0

[Event "Early-Titled-Tuesday-Blitz-September-26-2023"]
[Site "Chess.com"]
[Date "2023.09.26"]
[Round "7"]
[White "BogdanDeac"]
[Black "DuleMudule"]
[Result "0-1"]
[WhiteElo "2954"]
[BlackElo "2792"]
[TimeControl "180+1"]
[EndTime "9:20:19 PDT"]
[Termination "DuleMudule won on time"]

1. b3 e5 2. Bb2 Nc6 3. Nf3 Bd6 4. c4 Nf6 5. d3 O-O 6. a3 Qe7 7. Nc3 a6 8. b4 b6 9. e3 a5 10. b5 Nd8 11. Be2 Bb7 12. O-O Ne6 13. Nd2 Nc5 14.
Qc2 Rae8 15. f3 Ne6 16. Nb3 g6 17. Rfe1 Nc5 18. Nd2 Qe6 19. Bf1 Qf5 20. Nd5 Nxd5 21. cxd5 Qg5 22. e4 Be7 23. d4 exd4 24. Bxd4 Bf6 25.
Be3 Qh5 26. Rad1 d6 27. Nc4 Bc8 28. Qf2 g5 29. Bd4 Qg6 30. e5 dxe5 31. Nxe5 Qg7 32. Nc6 Bxd4 33. Nxd4 Bd7 34. Nc6 Bxc6 35. bxc6 Qf6 36.
Qg3 Qf4 37. Qxf4 gxf4 38. Rxe8 Rxe8 39. d6 cxd6 40. Rxd6 Rc8 41. Bb5 Kf8 42. Rh6 Ne6 43. Rxh7 Ke7 44. a4 Rd8 45. Rh5 Rd1+ 46. Kf2 Rd2+ 47.
Kf1 Rd1+ 48. Ke2 Rg1 49. Kf2 Rc1 50. Rd5 Kf6 51. Rd6 Rc2+ 52. Kf1 Rc1+ 53. Ke2 Ke5 54. Rd7 Rc2+ 55. Kd1 Rc5 56. Rxf7 Nd4 57. Re7+ Kd6 58.
Rd7+ Ke5 59. c7 Nxb5 60. axb5 a4 0-1

[Event "Early-Titled-Tuesday-Blitz-September-26-2023"]
[Site "Chess.com"]
[Date "2023.09.26"]
[Round "7"]
[White "AlexPapasimakopoulos"]
[Black "BigAl"]
[Result "1-0"]
[WhiteElo "2741"]
[BlackElo "2557"]
[TimeControl "180+1"]
[EndTime "9:20:19 PDT"]
[Termination "AlexPapasimakopoulos won on time"]

1. d4 Nf6 2. c4 g6 3. Nc3 Bg7 4. e4 O-O 5. f3 d6 6. Nge2 a6 7. Be3 Nc6 8. Rc1 Nh5 9. g4 Nf6 10. Ng3 e5 11. Nge2 Bxg4 12. fxg4 Nxg4 13. Bg1 Qh4+ 14.
Ng3 Nxd4 15. Be2 f5 16. Bxg4 fxg4 17. Bxd4 exd4 18. Ne2 Bh6 19. Qxd4 Bxc1 20. Nxc1 Qg5 21. Nd3 Rae8 22. Ke2 h5 23. Nf1 c5 24. Qe3 Qxe3+ 25. Nxe3 Rxe4 26. Kd2 Rf3 27. Re1 Kg7 28. Re2 b5 29. b3 Kh6 30. Ne1 Rff4 31. N1g2 Rd4+ 32. Kc2 Rf3 33. Ne1 Rh3 34. Nd3 b4 35. Ne1 Kg5 36.
Nd3 h4 37. Ne1 g3 38. hxg3 hxg3 39. N3g2 Rh2 40. Nf3+ Kg4 41. Nxd4 cxd4 42. Kd3 Kh3 43. Nf4+ Kg4 44. Ng2 Kf3 45. Ne1+ Kg4 46. Re6 Rh1 47. Rxg6+ Kf4 48. Rf6+ Kg5 49. Rf3 Rxe1 50. Rxg3+ Kf4 51.
Rg6 Ke5 52. Rg5+ Ke6 53. Ra5 Rd1+ 54. Kc2 Rh1 55. Kd3 Rd1+ 56. Ke4 d3 57. Ke3 d2 58.
Ke2 Rh1 59. Kxd2 Rh3 60. Rxa6 Ke5 61. Kc2 Rg3 62. Kd2 1-0

[Event "Early-Titled-Tuesday-Blitz-September-26-2023"]
[Site "Chess.com"]
[Date "2023.09.26"]
[Round "7"]
[White "TimofeevAr"]
[Black "Druid24"]
[Result "0-1"]
[WhiteElo "2868"]
[BlackElo "2664"]
[TimeControl "180+1"]
[EndTime "9:20:21 PDT"]
[Termination "Druid24 won by checkmate"]

1. c4 e5 2. e3 f5 3. Nc3 Bb4 4. Nge2 Nf6 5. a3 Bxc3 6. Nxc3 O-O 7. d4 e4 8. d5 d6 9. Be2 Nbd7 10. b3 Ne5 11.
Bb2 Bd7 12. Qd4 Qe7 13. O-O-O a5 14. f4 exf3 15. gxf3 Be8 16. Rhg1 Bg6 17. h3 Rfe8 18. f4 Ned7 19. Rg3 Nc5 20. Kc2 c6 21. Rdg1 Kh8 22. h4 Ng4 23. Bc1 b5 24. dxc6 bxc4 25. Bxc4 Rac8 26.
Nd5 Qe4+ 27. Qxe4 Nxe4 28. Rh3 Rxc6 29. Kb2 Bf7 30. a4 Rb8 31. Ka3 Rc5 32. Nb6 d5 33.
Nd7 dxc4 34. Nxb8 Rc7 35. Rd1 Rc8 36. Nd7 Ngf2 37. Rhh1 Nxh1 38. Rxh1 cxb3 39. Bb2 Rc2 40. Rg1 Nc3 41. Ne5 Bd5 42. h5 Kg8 43. h6 g6 44.
Nd7 Kf7 45. Ne5+ Ke6 46. Nxg6 Nxa4 47. Nf8+ Kf7 48. Kxa4 Rxb2 49. Nxh7 Ra2+ 50. Kb5 Rh2 51. Ng5+ Ke7 52. h7 b2 53. Rb1 Ba2 54. Nf3 Bxb1 55.
Nxh2 Bd3+ 56. Kc5 b1=Q 57. h8=Q Qb4+ 58. Kd5 Be4+ 59. Ke5 Qd6# 0-1

[Event "Early-Titled-Tuesday-Blitz-September-26-2023"]
[Site "Chess.com"]
[Date "2023.09.26"]
[Round "7"]
[White "Mackster23"]
[Black "Jagerrmeisterr"]
[Result "0-1"]
[WhiteElo "2569"]
[BlackElo "2699"]
[TimeControl "180+1"]
[EndTime "9:20:21 PDT"]
[Termination "Jagerrmeisterr won by resignation"]

1. e4 c6 2. d4 d5 3. Nd2 dxe4 4.
Nxe4 Nf6 5. Nxf6+ gxf6 6. c3 Bf5 7. Nf3 e6 8. g3 Qd5 9. Bg2 Qb5 10. a4 Qa6 11.
Bf1 Qa5 12. b4 Qd5 13. Bg2 Qc4 14. Bd2 Nd7 15. Bf1 Bd3 16. Bxd3 Qxd3 17. Qe2 Qxe2+ 18. Kxe2 Bd6 19. c4 Ke7 20. c5 Bc7 21. b5 f5 22. Bg5+ f6 23. Be3 e5 24. Rab1 Rab8 25.
Rhd1 Ke6 26. dxe5 fxe5 27. Ng5+ Ke7 28. Nf7 Rhf8 29. Nd6 f4 30. gxf4 exf4 31. Bd4 Bxd6 32. cxd6+ Ke6 33. Bxa7 Ra8 34. bxc6 bxc6 35. Rb7 f3+ 36. Ke3 Rf5 37. Rd4 Re5+ 38. Kxf3 Rf8+ 39. Kg2 c5 40. Rd2 Rf4 41. Bb8 Rg5+ 42. Kf1 Rxa4 43.
Re2+ Re5 44. Rxe5+ Nxe5 45. Re7+ Kd5 46. Rxe5+ Kc6 47.
Rh5 c4 48. Rxh7 Rb4 49. Rc7+ Kd5 50. Rb7 Rxb7 51. Bc7 Kc6 52. Ke2 Rb2+ 53. Ke3 c3 54. h4 Rd2 55. h5 Rd5 56. Ba5 Rxa5 57. d7 Kxd7 58. Kd3 Rxh5 0-1

[Event "Early-Titled-Tuesday-Blitz-September-26-2023"]
[Site "Chess.com"]
[Date "2023.09.26"]
[Round "7"]
[White "Kielinkei"]
[Black "Maxterlopez"]
[Result "0-1"]
[WhiteElo "2480"]
[BlackElo "2739"]
[TimeControl "180+1"]
[EndTime "9:20:21 PDT"]
[Termination "Maxterlopez won by resignation"]

1. Nf3 g6 2. e4 Bg7 3. d4 c5 4. c3 cxd4 5. cxd4 d5 6. e5 Nc6 7.
Nc3 Nh6 8. Be2 O-O 9. O-O Bg4 10. h3 Bxf3 11. Bxf3 e6 12. Be3 Nf5 13. Qd2 Nxe5 14. dxe5 d4 15. Bxd4 Nxd4 16. Qf4 Nxf3+ 17. Qxf3 Qb6 18.
Qe2 Rfd8 19. Rfd1 Qc5 20. Rxd8+ Rxd8 21. Re1 a6 22. h4 h5 23. a3 b5 24. g3 Rd4 25.
Kh2 b4 26. axb4 Rxb4 27. Ne4 Qxe5 28. Qxa6 Qxb2 29. Qc8+ Bf8 30. Kg2 Rb8 31. Qd7 Qb7 32. Qxb7 Rxb7 33. Rd1 Be7 34. Ra1 Kg7 35. Ra2 e5 36. Ng5 f6 37. Ne4 Rb4 38. Re2 Kf7 39. Nc3 Rb3 40. Nd5 Bc5 41. Ra2 Ke6 42. Nc7+ Kf5 43.
Nd5 Rd3 44. Nc7 Bd4 45. Ra6 Bc3 46. Ne8 e4 47. Nd6+ Ke5 48. Nc4+ Kd4 49. Ne3 Kc5 50. Ra8 Bd4 51. Rc8+ Kb6 52. Nd5+ Kb7 53. Rc7+ Kb8 54. Rc4 Rd2 55. Rb4+ Kc8 56. Ne7+ Kd7 57. Nxg6 Bxf2 58.
Kh3 f5 59. Nf4 Bg1 60. Rb7+ Kc8 61. Ng2 Kxb7 62. g4 Rd3+ 63. Ne3 Rxe3+ 64. Kg2 fxg4 65.
Kxg1 Rf3 0-1

[Event "Early-Titled-Tuesday-Blitz-September-26-2023"]
[Site "Chess.com"]
[Date "2023.09.26"]
[Round "7"]
[White "Alexei_Gubajdullin"]
[Black "elegant285"]
[Result "1-0"]
[WhiteElo "2704"]
[BlackElo "2385"]
[TimeControl "180+1"]
[EndTime "9:20:24 PDT"]
[Termination "Alexei_Gubajdullin won by resignation"]

1. d4 Nf6 2. Nf3 d5 3. Bf4 c6 4.
e3 g6 5. Nbd2 Bg7 6. Be2 O-O 7.
O-O Bf5 8. c4 Ne4 9. Qb3 Nxd2 10.
Nxd2 Qd7 11. Nf3 Na6 12. Ne5 Qc8 13. cxd5 Bxe5 14. Bxe5 cxd5 15. Qxd5 Nb4 16. Qb3 Nc6 17. Rac1 Qd7 18. Bg3 a6 19. Rfd1 Rac8 20. Qb6 Be4 21. b3 Bd5 22. f3 f6 23. e4 Bf7 24. d5 Nb8 25. Rc7 Rxc7 26. Qxc7 Qxc7 27. Bxc7 Nd7 28.
Rc1 Rc8 29. Bf4 Rxc1+ 30. Bxc1 e6 31. dxe6 Bxe6 32. h4 Kf7 33. Be3 Ke7 34. Kf2 Kd6 35. Bd4 f5 36. exf5 Bxf5 37. Ke3 Bb1 38. a3 Nf8 39. Kf4 Ne6+ 40. Ke3 b5 41. Bc3 Bc2 42. b4 Nc7 43. Bg7 Ne6 44. Bf6 Kd5 45. g4 Bb1 46. h5 gxh5 47. gxh5 Nc7 48. h6 Ne8 49. Bg7 Nd6 50.
f4 Nf5+ 51. Kd2 Ke4 52. Bf8 Kxf4 53. a4 bxa4 54. Bxa6 a3 55. Kc3 Ne3 56. Kb3 a2 57. Bg7 Nf5 58. Ba1 Nxh6 59. b5 Nf7 60. b6 Nd8 61.
Bf6 h5 62. Kb2 Nc6 63. Bb5 Nb8 64. Bd8 Ke4 65. Bc7 h4 66. Bxb8 h3 67. b7 h2 68.
Bxh2 a1=Q+ 69. Kxa1 Kd4 70. b8=Q 1-0

[Event "Early-Titled-Tuesday-Blitz-September-26-2023"]
[Site "Chess.com"]
[Date "2023.09.26"]
[Round "7"]
[White "FoxOnTheRun97"]
[Black "Hasangatin_Ramil"]
[Result "0-1"]
[WhiteElo "2547"]
[BlackElo "2710"]
[TimeControl "180+1"]
[EndTime "9:20:26 PDT"]
[Termination "Hasangatin_Ramil won on time"]

1. d4 d6 2. c4 e5 3. dxe5 dxe5 4.
Qxd8+ Kxd8 5. Nc3 Be6 6. e4 Nd7 7. Nf3 f6 8. Be3 c6 9. Be2 a5 10. Rg1 Bc5 11. g4 g5 12. O-O-O Bxe3+ 13. fxe3 Ne7 14. h4 h6 15. Rh1 Kc7 16. Rdg1 Nc5 17. b3 Ng6 18. h5 Ne7 19. Nd2 Rhf8 20. Nf1 Rad8 21. Ng3 a4 22. Kc2 axb3+ 23. axb3 Na6 24. Rd1 Nc8 25. Rhf1 Rxd1 26. Nxd1 Nd6 27. Nc3 b6 28. Nf5 Bxf5 29. exf5 e4 30. Rd1 Re8 31. Kb2 Re5 32. Na2 Nb7 33. Kc3 Re7 34. b4 Nd6 35. Nc1 c5 36.
bxc5 bxc5 37. Nb3 Nb7 38. Rd5 Rd7 39. Bd1 Rxd5 40. cxd5 Nd6 41. Nd2 Nb4 42. Bc2 Nxd5+ 43. Kb3 Nxe3 44. Bxe4 Nxg4 45. Bc2 Ne3 46. Kc3 Nexf5 47.
Bxf5 Nxf5 48. Ne4 g4 49. Nxf6 g3 50. Nd5+ Kd6 51. Nf4 Ke5 52. Ng2 Ke4 53. Kd2 Kf3 54. Ne1+ Kg4 55. Ke2 Nd4+ 56. Kf1 Kxh5 57. Ng2 Kg4 58.
Kg1 h5 59. Kh1 h4 60. Kg1 h3 61. Ne3+ Kf3 62. Nf1 Ne2+ 63. Kh1 c4 64. Nd2+ Kg4 0-1

[Event "Early-Titled-Tuesday-Blitz-September-26-2023"]
[Site "Chess.com"]
[Date "2023.09.26"]
[Round "7"]
[White "quvnoq_muxlis"]
[Black "MMAHDI2013"]
[Result "1-0"]
[WhiteElo "2789"]
[BlackElo "2322"]
[TimeControl "180+1"]
[EndTime "9:20:26 PDT"]
[Termination "quvnoq_muxlis won by checkmate"]

1. e4 c6 2. d4 d5 3. e5 c5 4.
Nf3 Nc6 5. dxc5 Bg4 6. a3 a5 7. Bb5 e6 8. Be3 Qc7 9. Nbd2 Ne7 10. h3 Bxf3 11. Nxf3 Nf5 12. Bd4 Be7 13. O-O O-O 14. c3 Na7 15. Bd3 Bxc5 16. Bxf5 exf5 17. Qd3 g6 18.
Rfe1 Bxd4 19. Nxd4 Qc4 20. Qg3 Kh8 21. e6 Nc6 22. exf7 Rxf7 23. Re6 Nxd4 24. Qe5+ Kg8 25. cxd4 Rd8 26. h4 Qc7 27. Qe3 f4 28. Qf3 Re7 29.
Rae1 Rxe6 30. Rxe6 Qf7 31. Re5 b5 32. h5 b4 33. axb4 axb4 34. hxg6 hxg6 35. Qg4 Kg7 36. Qg5 Re8 37. Rxd5 Re1+ 38. Kh2 Re8 39. Re5 f3 40.
Rxe8 Qxe8 41. Qe5+ Qxe5+ 42. dxe5 g5 43. gxf3 Kg6 44.
Kg3 Kf5 45. e6 Kxe6 46. Kg4 Kf6 47. f4 gxf4 48. Kxf4 Ke6 49. Kg5 Kd5 50. f4 Kc4 51. f5 Kb3 52. f6 Kxb2 53. f7 b3 54. f8=Q Kc2 55. Qc5+ Kb1 56. Kf4 b2 57. Ke3 Ka1 58. Qc3 Ka2 59. Qc2 Ka1 60. Qa4+ Kb1 61. Kd3 Kc1 62.
Qc2# 1-0

[Event "Early-Titled-Tuesday-Blitz-September-26-2023"]
[Site "Chess.com"]
[Date "2023.09.26"]
[Round "7"]
[White "PawnEatingZombie"]
[Black "PattyCastillo"]
[Result "1-0"]
[WhiteElo "2149"]
[BlackElo "1873"]
[TimeControl "180+1"]
[EndTime "9:20:26 PDT"]
[Termination "PawnEatingZombie won on time"]

1. e4 c5 2. c3 d5 3. exd5 Qxd5 4. d4 Nf6 5. Nf3 Bg4 6. Be2 Nc6 7. Be3 cxd4 8.
cxd4 e6 9. O-O Be7 10. Nc3 Qd8 11. Qa4 O-O 12. Rfd1 Nd5 13. Nxd5 exd5 14. h3 Bh5 15. Bf4 Bf6 16. g4 Bg6 17. Ne5 Qb6 18. Qb5 Bxe5 19. dxe5 Qxb5 20. Bxb5 Be4 21. Rac1 Rac8 22. Bxc6 bxc6 23.
Rc5 Rfe8 24. Rd4 Bf3 25. b3 h6 26. Kh2 g5 27. Bg3 Kg7 28. Rd3 Be4 29. Re3 Bb1 30. a3 d4 31. Re1 Bg6 32. Rd1 d3 33. f4 gxf4 34. Bxf4 Re6 35. Kg3 Rd8 36. Rd2 Rd5 37.
Rxd5 cxd5 38. Kf2 Be4 39. Ke3 Rc6 40. h4 Rc2 41. b4 Rc3 42. Ra2 Rc2 43. Rxc2 dxc2 44.
Kd2 Kg6 45. a4 d4 46. b5 d3 47. a5 Bd5 48. b6 axb6 49. axb6 Bb7 50. Kxd3 h5 51.
gxh5+ Kxh5 52. Bg5 c1=Q 53. Bxc1 Kxh4 54. Kd4 Kg4 55.
Kc5 Kf5 56. Kd6 f6 57. e6 Kg6 58. e7 Kf7 59. Kd7 1-0

[Event "Early-Titled-Tuesday-Blitz-September-26-2023"]
[Site "Chess.com"]
[Date "2023.09.26"]
[Round "7"]
[White "OparinGrigoriy"]
[Black "Incognito_Knight"]
[Result "1/2-1/2"]
[WhiteElo "2959"]
[BlackElo "2768"]
[TimeControl "180+1"]
[EndTime "9:20:27 PDT"]
[Termination "Game drawn by repetition"]

1. d4 Nf6 2. Nf3 e6 3. c4 d5 4. g3 Be7 5. Bg2 O-O 6. Nc3 c6 7.
b3 b6 8. O-O Ba6 9. Qd3 Nbd7 10.
e4 dxc4 11. bxc4 e5 12. Rd1 exd4 13. Nxd4 Ne5 14. Qc2 Qc8 15. f4 Nxc4 16. e5 Ng4 17. Qe4 f5 18. Qxc6 Qxc6 19. Bxc6 Rad8 20. Bd5+ Kh8 21. Ne6 Nce3 22. Bxe3 Nxe3 23. Nxf8 Bxf8 24. Bb3 Nxd1 25. Rxd1 Bc5+ 26. Kg2 Rxd1 27. Nxd1 Bd4 28. Kf3 g6 29. Ne3 Kg7 30. Bd5 Bd3 31. h3 h6 32.
g4 a5 33. Be6 Be4+ 34. Ke2 fxg4 35. hxg4 g5 36. fxg5 hxg5 37. Bf5 Bxe3 38. Bxe4 Bf4 39. e6 Kf6 40. Bd5 Ke7 41. Kd3 Bd6 42. a4 Bc5 43. Bc4 Bd6 44. Ke4 Bc5 45. Ke5 Bd6+ 46. Kd5 Bc5 47.
Bb5 Bd6 48. Bd7 Bc5 49. Kc6 Be3 50. Kb5 Bc5 51. Kc4 Bd6 52. Kd3 Bc5 53. Ke4 Bd6 54. Kf5 Bf4 55. Kg6 Be3 56. Bb5 Bf4 57. Bd7 Be3 58. Bb5 Kxe6 59. Kh5 Kf6 60. Be8 Bf4 61. Bb5 Be3 62. Bc6 Ke5 63. Bb5 Bf4 64. Be8 Kd6 65. Bb5 Kc5 66. Kg6 Kd6 67. Kf5 Kc5 68. Be8 Kd6 69. Bb5 Ke7 70. Bc6 Kd6 71. Bb5 1/2-1/2